 Dungeon Crawl Stone Soup version 0.29.1-12-g30fa7ad0bf (webtiles) character file.

Game seed: 9498412408636051276

236553 MacCMillion the Eclecticist (level 19, -16/151 HPs)
             Began as a Djinni Conjurer on Jan 7, 2023.
             Was a High Priest of Ashenzari.
             Blown up by MacCMillion's illusion (illusionary) (79 damage)
             ... with an orb of destruction
             ... woven by Mara
             ... on level 4 of the Shoals on Jan 8, 2023.
             The game lasted 03:19:16 (32609 turns).

MacCMillion the Eclecticist (Djinni Conjurer)      Turns: 32609, Time: 03:19:17

Health: -16/151    AC: 22    Str:  8    XL:     19   Next: 97%
Gold:   3822       EV:  8    Int: 26    God:    Ashenzari [*****.] SH: 15 Dex: 14

rFire   + + +      SeeInvis +   h - +0 staff of Battle {Cun, Self} (curse)
rCold   + + .      Faith    .   n - +0 kite shield "Servitude of Ashenzari" {Self, Range} (curse)
rNeg    . . .      Spirit   .   v - +0 chain mail "Circumscribed Together" {Regen+ rCorr, Self, Cun} (curse)
rPois   ∞          Reflect  .   j - +2 helmet "Restrained With Me" {Self, Fort} (curse)
rElec   .          Harm     .   V - scarf "Orthodoxy of Ashenzari" {rC+ rF+, Self, Evo} (curse)
rCorr   +          Rampage  .   R - +2 pair of gloves of the Lashed Pragmatism {rC+ Regen+ Str+2, Self, Fort} (curse)
Will    ++...      Clarity  +   (boots unavailable)
Stlth   ..........              l - amulet "Circumscribed Together" {Regen+, Cun, Self} (curse)
HPRegen 2.75/turn               H - ring of protection from cold
MPRegen 0.00/turn               A - ring of willpower

@: flying
A: sickness immunity, fire resistance 2, cold vulnerability 1, float, innate
caster, HP casting, extra vitality 1
}: 2/15 runes: serpentine, barnacled
a: Renounce Religion, Curse Item, Shatter the Chains


You were on level 4 of the Shoals.
You worshipped Ashenzari.
Ashenzari was extremely pleased with you.
You visited 6 branches of the dungeon, and saw 31 of its levels.
You also visited: Bailey, Gauntlet and Ice Cave.

You collected 4254 gold pieces.
You spent 432 gold pieces at shops.

Inventory:

Hand Weapons
 h - the cursed +0 staff of Battle (weapon) {Cun, Self}
   (You acquired it in a bailey)

   It enhances your conjuration magic.
   It summons a battlesphere in combat, with strength depending on Conjurations
   skill.
   Its strikes trigger the battlesphere's blasts.
   It has a curse which improves the following skills: Cunning: Dodging and
   Stealth.
   Introspection: Fighting and Spellcasting.
Missiles
 y - 6 silver javelins
 W - 8 javelins
Armour
 j - the cursed +2 helmet "Restrained With Me" (worn) {Self, Fort}
   (You found it on level 9 of the Dungeon)

   It has a curse which improves the following skills: Introspection: Fighting
   and Spellcasting.
   Fortitude: Armour and Shields.
 n - the cursed +0 kite shield "Servitude of Ashenzari" (worn) {Self, Range}
   (You found it on level 3 of the Dungeon)

   It has a curse which improves the following skills: Introspection: Fighting
   and Spellcasting.
   Ranged Combat: Ranged Weapons and Throwing.
 v - the cursed +0 chain mail "Circumscribed Together" (worn) {Regen+ rCorr, Self, Cun}
   (You acquired it on level 10 of the Dungeon)

   Regen:     It increases your rate of health regeneration.
   rCorr:     It protects you from acid and corrosion.
   It has a curse which improves the following skills: Introspection: Fighting
   and Spellcasting.
   Cunning:   Dodging and Stealth.
 R - the cursed +2 pair of gloves of the Lashed Pragmatism (worn) {rC+ Regen+ Str+2, Self, Fort}
   (You found it in a Gauntlet)

   Str:       It affects your strength (+2).
   rC:        It protects you from cold.
   Regen:     It increases your rate of health regeneration.
   It has a curse which improves the following skills: Introspection: Fighting
   and Spellcasting.
   Fortitude: Armour and Shields.
 V - the cursed scarf "Orthodoxy of Ashenzari" (worn) {rC+ rF+, Self, Evo}
   (You found it in an ice cave)

   It has a curse which improves the following skills: Introspection: Fighting
   and Spellcasting.
   Evocations: Evocations.
 Z - a +0 troll leather armour
Jewellery
 l - the cursed amulet "Circumscribed Together" (around neck) {Regen+, Cun, Self}
   (You found it on level 2 of the Dungeon)

   [amulet of regeneration]

   Regen:     It increases your rate of health regeneration.
   It has a curse which improves the following skills: Cunning: Dodging and
   Stealth.
   Introspection: Fighting and Spellcasting.
 q - a +4 ring of evasion
 t - a ring of ice
 A - a ring of willpower (right hand)
 H - a ring of protection from cold (left hand)
 I - a ring of positive energy
 J - an amulet of reflection
 K - a +6 ring of intelligence
 S - a +6 ring of strength
 Y - the ring "Lubled" {rPois rN+ rCorr}
   (You found it on level 4 of the Shoals)

   [ring of poison resistance]

   rPois:     It protects you from poison.
   rN:        It protects you from negative energy.
   rCorr:     It protects you from acid and corrosion.
Wands
 f - a wand of polymorph (5)
 i - a wand of digging (5)
 E - a wand of charming (47)
 F - a wand of light (18)
 G - a wand of flame (45)
 L - a wand of mindburst (9)
 X - a wand of roots (29)
Scrolls
 a - 4 scrolls of enchant weapon
 b - a scroll of silence
 c - 21 scrolls of teleportation
 e - 4 scrolls of vulnerability
 r - 7 scrolls of fog
 u - 8 scrolls of immolation
 w - a scroll of blinking
 x - 7 scrolls of enchant armour
 z - 2 scrolls of summoning
 C - 3 scrolls of fear
 D - 4 scrolls of poison
 M - 3 scrolls of magic mapping
 P - 6 scrolls of brand weapon
Potions
 d - 6 potions of brilliance
 g - 5 potions of heal wounds
 k - 2 potions of ambrosia
 m - 4 potions of mutation
 o - 18 potions of curing
 p - 5 potions of berserk rage
 s - 8 potions of attraction
 B - 3 potions of resistance
 O - 4 potions of cancellation
 Q - 5 potions of might
 T - 5 potions of invisibility
 U - 6 potions of haste
Miscellaneous
 N - a condenser vane


   Skills:
 - Level 10.4(18.4) Fighting
 + Level 14.3(17.7) Armour
 + Level 11.1(15.6) Dodging
 - Level 2.0(5.1) Stealth
 - Level 16.4(19.7) Shields
 - Level 19.1(27) Spellcasting
 - Level 3.0(5.0) Evocations


You had 21 spell levels left.
You knew the following spells:

 Your Spells              Type           Power      Damage    Failure   Level
a - Magic Dart            Conj           100%       1d8       0%          1
b - Searing Ray           Conj           100%       2d8       0%          2
c - Dazzling Flash        Conj/Hex       100%       N/A       0%          3
d - Fulminant Prism       Conj/Hex       66%        3d28      0%          4
e - Iskenderun's Mystic   Conj/Tloc      100%       2d19      0%          4
f - Sandblast             Erth           100%       2d20      0%          1
g - Ensorcelled Hibernat  Hex/Ice        100%       N/A       0%          2
h - Call Canine Familiar  Summ           100%       N/A       0%          3
i - Gell's Gravitas       Tloc           100%       N/A       0%          3
j - Leda's Liquefaction   Hex/Erth       54%        N/A       0%          4
k - Summon Mana Viper     Hex/Summ       100%       N/A       0%          5
l - Dispersal             Tloc           54%        N/A       1%          6
m - Death Channel         Necr           54%        N/A       1%          6
n - Orb of Destruction    Conj           66%        9d16      1%          7
Your spell library was empty.

Dungeon Overview and Level Annotations

Branches:
Dungeon (15/15)            Temple (1/1) D:7            Lair (5/5) D:9
 Shoals (4/4) Lair:2        Snake (4/4) Lair:3        Slime (0/5) Lair:5
    Orc (2/2) D:10            Elf (0/3) Orc:2        Vaults (0/5) D:14
 Depths (0/4) D:15         Bailey (visited)           IceCv (visited)
Gauntlet (visited)

Altars:
Ashenzari
Cheibriados
Dithmenos
Elyvilon
Fedhas
Gozag
Hepliaklqana
Makhleb
Nemelex Xobeh
Okawaru
Qazlal
Ru
Trog
Uskayaw
Wu Jian
Xom
Yredelemnul
Zin
The Shining One
Jiyva
Lugonu

Shops:
D:1 *   D:5 =   D:12 (   Orc:2 [[(!   Snake:1 :   Snake:2 !?:*

Portals:
Abyss: Orc:1

Annotations:
D:5 3 runed translucent doors, Oxelix's ghost, novice DEFE
D:8 8 runed translucent doors, vvl's ghost, novice DsIE
D:9 3 runed translucent doors, ChadusMaximus's ghost, novice MiFi
Shoals:4 Mara
Snake:4 Vashnia
Orc:1 2 transporters, DildoBatman's ghost, journeyman FoCj


Innate Abilities, Weirdness & Mutations

You are immune to sickness and miasma.
You are immune to poison.
Your flesh is very heat resistant. (rF++)
You are vulnerable to cold. (rC-)
You float through the air rather than walking.
You learn spells naturally, not from books.
Your magical power is your life essence.
You have superior vitality. (+4 MHP)


Message History

Mara hits you from afar with a +1 demon trident of electrocution!!
MacCMillion's illusion barely misses you.
Mara hits your fulminant prism with a +1 demon trident of electrocution!
Your fulminant prism crackles loudly.
Mara hits your fulminant prism with a +1 demon trident of electrocution!!
Your fulminant prism explodes!
The blast of energy engulfs the plant!!
The plant is moderately damaged.
The blast of energy engulfs Mara!!!
Mara is almost dead.
The blast of energy engulfs MacCMillion's illusion!!
MacCMillion's illusion is moderately damaged.
MacCMillion's illusion casts a spell at you.
The magic dart hits you!
You hear a screech! x2
Unknown command.
Casting: Fulminant Prism (safe; 0% risk of failure)
Confirm with . or Enter, or press ? or * to list all spells.
Aiming: Fulminant Prism (safe; 0% risk of failure)
Press: ? - help, Dir - move target You feel a surge of power!
You conjure a prism of explosive energy!
A fulminant prism comes into view.
A barrage of energy appears from out of your range of vision.
The barrage of energy hits Mara.
Mara is almost dead.
Mara hits you from afar with a +1 demon trident of electrocution!!
MacCMillion's illusion conjures an orb of pure magic.
An orb of destruction comes into view.
A harpy comes into view.
The harpy screeches!
You hear a screech!
A nearby plant withers and dies.
A harpy comes into view. x2
Mara hits your battlesphere with a +1 demon trident of electrocution.
Mara hits your fulminant prism with a +1 demon trident of electrocution!!
MacCMillion's illusion mumbles some strange words.
Your fulminant prism crackles loudly.
The orb of destruction hits you!!!!
Ouch! That really hurt!
You die...

~ , .....†..<..)~~~~~ ~ ~, ~ ~
~..............~~~~~.. *,~~,~ ~
~.........(.[...~~~...,, ~~
~~................~....,,, ,,,
~ ~~..............~...# *,, ,
~~....R...[.....~...# *,,,
.~....##.)....!.....## , ~ ,
,,.~.......S.##........., ~,,
~~~~.....R*..*@.H.....,, ~ ~~,,
~~~~.##...@°○.☼......~~~ ~~~ ,
≈≈~~#....SR...#.....~P~≈~ ~ ~ ~
≈≈~~.....S..##....P.~~~≈~~ ,
~~~~...............H.~~≈≈P~. ,,
~ ~~....##..P.......H~~~≈≈~~..,
~ ....P.....##.....~P~≈≈≈~....
..............P.~~~~≈≈≈~...., ,
,...............~~~~≈≈≈≈~....,,


You could see 2 Maras, 3 mana vipers, 3 harpies, MacCMillion's illusion, a
friendly fulminant prism and a friendly battlesphere.

Vanquished Creatures
  Asterion (Snake:2)
  A kraken (Shoals:4)
  Roxanne (D:15)
  Kirke (D:15)
  Donald (Shoals:4)
  Ilsuiw (Shoals:3)
  3 nagarajas
  Nessos (Lair:3)
  A dire elephant (Gauntlet)
  A minotaur (Gauntlet)
  8 merfolk impalers
  2 merfolk javelineers (Shoals:4)
  A fire dragon (Lair:5)
  An ice dragon (Lair:5)
  A rakshasa (D:13)
  3 vault guards (D:14)
  8 hydras
  2 boulder beetles
  An alligator snapping turtle (Shoals:1)
  A catoblepas (D:14)
  3 anacondas
  4 merfolk aquamancers
  7 merfolk avatars
  3 centaur warriors
  11 naga warriors
  5 two-headed ogres
  15 death yaks
  3 satyrs (Shoals:4)
  2 orc high priests (Orc:1)
  6 shock serpents
  Urug (D:11)
  Sonja (Lair:2)
  20 naga sharpshooters
  A skeletal warrior (D:15)
  3 salamander mystics
  A wizard (D:15)
  15 sea snakes
  2 bog bodies (IceCv)
  A phantasmal warrior (D:15)
  4 naga ritualists
  3 orc knights
  A swamp dragon (Lair:5)
  21 harpies
  4 necromancers
  2 deep elf pyromancers
  A frost giant zombie (D:15)
  6 mana vipers
  A cyclops (shapeshifter) (D:13)
  6 ugly things (D:14)
  2 orc sorcerers (Orc:1)
  10 manticores
  A wolf spider (Lair:5)
  11 cyclopes
  A moth of wrath (Gauntlet)
  8 salamanders
  10 fauns
  A fire giant skeleton (D:15)
  Maurice (Orc:1)
  4 guardian serpents
  32 black mambas
  2 ice statues
  19 elephants
  A stone giant skeleton (D:15)
  4 water nymphs
  12 merfolk sirens
  An eye of devastation (shapeshifter) (D:15)
  15 naga magi
  A spriggan zombie (D:15)
  A minotaur zombie (Gauntlet)
  10 cane toads
  2 unseen horrors
  6 komodo dragons
  An efreet (D:14)
  A yaktaur (D:14)
  A kobold demonologist (D:10)
  4 rime drakes
  2 freezing wraiths
  A yaktaur (shapeshifter) (D:14)
  A tengu conjurer (D:15)
  A guardian mummy (D:15)
  23 merfolk
  5 polar bears
  8 trolls
  7 wind drakes
  3 hornets
  3 blink frogs (Lair:1)
  A wolf spider simulacrum (D:15)
  A raiju (shapeshifter) (D:14)
  8 dream sheep
  11 slime creatures
  7 snapping turtles
  A vampire (D:11)
  2 shadows
  42 yaks
  2 spriggans (Bailey)
  11 wyverns
  2 basilisks (Lair:2)
  A wraith (D:8)
  A yak (shapeshifter) (D:15)
  4 hogs (D:15)
  15 water elementals
  17 humans (D:14)
  3 steam dragons
  5 redbacks
  Eustachio (D:4)
  A warg (Orc:2)
  A death yak simulacrum (IceCv)
  6 vampire mosquitoes
  3 harpy simulacra (IceCv)
  36 nagas
  4 acid dragons
  A hydra simulacrum (IceCv)
  20 water moccasins
  40 orc warriors
  2 swamp drakes (Lair:5)
  5 black bears
  7 ice beasts
  8 ogres
  14 wolves
  11 centaurs
  A phantom (D:5)
  A kobold brigand (D:7)
  A necrophage (D:7)
  A gnoll sergeant (D:8)
  9 bullfrogs
  A cane toad simulacrum (IceCv)
  4 two-headed ogre simulacra (IceCv)
  2 scorpions (D:5)
  2 water moccasin zombies
  8 wights
  10 killer bees
  9 electric eels
  A howler monkey (D:8)
  A centaur zombie (D:6)
  A centaur skeleton (D:6)
  2 hounds
  5 jellies
  A bullfrog skeleton (D:6)
  A gnoll bouda (Orc:2)
  15 orc priests
  Jessica (D:2)
  3 iguanas
  24 orc wizards
  5 spriggan simulacra (IceCv)
  7 hell rats (Lair:4)
  2 polar bear simulacra (IceCv)
  8 troll simulacra (IceCv)
  2 wolf simulacra (IceCv)
  A hound zombie (D:5)
  Robin (D:3)
  2 adders
  11 gnolls
  6 naga simulacra (IceCv)
  20 white imps
  10 ufetubi
  2 dart slugs
  94 orcs
  5 endoplasms
  3 giant cockroaches
  17 goblins
  9 hobgoblins
  3 jackals (D:1)
  11 kobolds
  6 quokkas
  4 ball pythons
  9 bats
  10 frilled lizards
  7 rats
  A bush (Lair:4)
  8 fulminant prisms
  3 tentacles (Shoals:4)
1074 creatures vanquished.

Vanquished Creatures (collateral kills)
  6 nagarajas (Snake:4)
  Aizul (Snake:4)
  An anaconda (Snake:4)
  4 naga warriors
  2 naga sharpshooters (Snake:4)
  2 shock serpents (Snake:3)
  2 sea snakes (Snake:3)
  2 salamander mystics
  2 naga ritualists (Snake:4)
  A mana viper (Snake:3)
  4 salamanders
  A merfolk siren (Shoals:3)
  3 black mambas (Snake:4)
  2 naga magi
  15 nagas
  2 centaur zombies (D:6)
  A jelly (D:6)
  2 orc wizards
  An adder (D:6)
  A white imp (D:11)
  2 orcs
57 creatures vanquished.

Vanquished Creatures (others)
  A sea snake (Shoals:4)
  A wizard (D:14)
  An ugly thing (D:13)
  2 bushes (Lair:4)
  742 fulminant prisms
  39 fungi
  380 plants
  6 tentacles (Shoals:4)
  8 withered plants (D:15)
1180 creatures vanquished.

Grand Total: 2311 creatures vanquished

Notes
Turn   | Place    | Note
-------+----------+-------------------------------------------
     0 | D:1      | MacCMillion the Djinni Conjurer began the quest for the
                  | Orb.
     0 | D:1      | MacCMillion set off with the following spells memorised:
                  | Magic Dart, Searing Ray, Dazzling Flash, Fulminant Prism,
                  | Iskenderun's Mystic Blast.
     0 | D:1      | Reached XP level 1. HP: 15/15 MP: 0/0
   364 | D:1      | Reached XP level 2. HP: 18/21 MP: 0/0
  1009 | D:1      | Reached XP level 3. HP: 24/25 MP: 0/0
  1009 | D:1      | Learned a level 1 spell: Sandblast
  1017 | D:1      | Found a faded altar of an unknown god.
  1130 | D:1      | Found Goahakhli's Assorted Antiques.
  1377 | D:1      | Reached skill level 4 in Spellcasting
  1844 | D:2      | Noticed Jessica
  1848 | D:2      | Killed Jessica
  1849 | D:2      | Reached XP level 4. HP: 24/31 MP: 0/0
  2814 | D:3      | Noticed Robin
  2822 | D:3      | Killed Robin
  2823 | D:3      | Reached XP level 5. HP: 17/35 MP: 0/0
  2823 | D:3      | Learned a level 2 spell: Ensorcelled Hibernation
  3024 | D:3      | Noticed a black bear
  3167 | D:3      | Found a glowing silver altar of Zin.
  3742 | D:4      | Noticed a black bear
  3916 | D:4      | Reached skill level 5 in Spellcasting
  3938 | D:4      | Reached XP level 6. HP: 39/40 MP: 0/0
  4075 | D:4      | Noticed Eustachio
  4086 | D:4      | Killed Eustachio
  4087 | D:4      | Reached skill level 6 in Spellcasting
  4087 | D:4      | Reached XP level 7. HP: 39/45 MP: 0/0
  4087 | D:4      | Learned a level 3 spell: Call Canine Familiar
  4260 | D:4      | Found a shadowy altar of Dithmenos.
  4668 | D:5      | Entered Level 5 of the Dungeon
  4728 | D:5      | Found Qoxups's Jewellery Shoppe.
  4846 | D:5      | Reached skill level 7 in Spellcasting
  4846 | D:5      | Reached XP level 8. HP: 48/50 MP: 0/0
  5360 | D:5      | Reached skill level 8 in Spellcasting
  5681 | D:5      | Found a runed translucent gate.
  5681 | D:5      | Found a runed translucent gate.
  5681 | D:5      | Found a runed translucent gate.
  5681 | D:5      | Noticed Oxelix's ghost (novice DEFE)
  5683 | D:5      | Found a basalt altar of Yredelemnul.
  5699 | D:5      | Reached skill level 1 in Fighting
  6401 | D:6      | Reached XP level 9. HP: 57/59 MP: 0/0
  6401 | D:6      | Learned a level 3 spell: Gell's Gravitas
  7063 | D:6      | Found a burning altar of Makhleb.
  7067 | D:6      | Found a hazy altar of Hepliaklqana.
  7076 | D:6      | Found an iron altar of Okawaru.
  7080 | D:6      | Found a blossoming altar of Fedhas.
  7082 | D:6      | Found an opulent altar of Gozag.
  7092 | D:6      | Reached skill level 9 in Spellcasting
  7104 | D:6      | Found a glowing golden altar of the Shining One.
  7285 | D:7      | Reached skill level 5 in Fighting
  7440 | D:7      | Found a staircase to the Ecumenical Temple.
  7449 | Temple   | Entered the Ecumenical Temple
  7467 | Temple   | Became a worshipper of Ashenzari the Shackled
  8057 | D:7      | Reached XP level 10. HP: 72/72 MP: 0/0
  8584 | D:8      | Found a large runed translucent door.
  8605 | D:8      | Found a large runed translucent door.
  8605 | D:8      | Noticed a centaur warrior
  8675 | D:8      | Found a stormy altar of Qazlal.
  8981 | D:8      | Noticed a two-headed ogre
  8983 | D:8      | Found a runed translucent gate.
  8983 | D:8      | Found a runed translucent gate.
  8983 | D:8      | Found a runed translucent gate.
  8983 | D:8      | Noticed vvl's ghost (novice DsIE)
  8984 | D:8      | Noticed a manticore
  9006 | D:8      | Noticed a sixfirhy
  9007 | D:8      | Found a runed translucent door.
  9018 | D:8      | Found a white marble altar of Elyvilon.
  9164 | D:8      | Found a large runed translucent door.
  9164 | D:8      | Found a large runed translucent door.
  9191 | D:8      | Reached skill level 10 in Spellcasting
  9624 | D:9      | Identified a scroll of acquirement
  9634 | D:9      | Found a staircase to the Lair.
  9722 | D:9      | Found a flagged portal.
  9731 | Bailey   | Entered a bailey
  9736 | Bailey   | Reached XP level 11. HP: 80/82 MP: 0/0
  9736 | Bailey   | Learned a level 4 spell: Leda's Liquefaction
  9785 | Bailey   | Noticed a two-headed ogre
  9794 | Bailey   | Killed a two-headed ogre
  9989 | Bailey   | Acquired the +0 staff of Battle
  9989 | Bailey   | Found the +0 staff of Battle
 10121 | D:9      | Found a runed translucent gate.
 10121 | D:9      | Found a runed translucent gate.
 10121 | D:9      | Found a runed translucent gate.
 10195 | D:9      | Found a snail-covered altar of Cheibriados.
 10292 | D:9      | Found a viscous altar of Jiyva.
 10292 | D:9      | Noticed ChadusMaximus's ghost (novice MiFi)
 10360 | D:10     | Entered Level 10 of the Dungeon
 10416 | D:10     | Noticed a two-headed ogre
 10423 | D:10     | Killed a two-headed ogre
 10424 | D:10     | Reached skill level 11 in Spellcasting
 10466 | D:10     | Reached skill level 10 in Fighting
 10508 | D:10     | Found a hide-covered altar of Uskayaw.
 10714 | D:10     | Found a staircase to the Orcish Mines.
 10878 | D:10     | Reached * piety under Ashenzari
 11012 | D:10     | Reached ** piety under Ashenzari
 11017 | D:10     | Acquired the +0 chain mail of Dyblemou {Regen+ rCorr}
 11106 | D:10     | Found a viscous altar of Jiyva.
 11114 | D:10     | Reached skill level 1 in Shields
 11598 | D:11     | Found a frozen archway.
 11616 | IceCv    | Entered an ice cave
 11621 | IceCv    | Reached *** piety under Ashenzari
 12348 | IceCv    | Reached XP level 12. HP: 96/96 MP: 0/0
 12906 | D:11     | Noticed Urug
 12912 | D:11     | Noticed a four-headed hydra
 12912 | D:11     | Killed Urug
 12913 | D:11     | Reached skill level 12 in Spellcasting
 12919 | D:11     | Killed a four-headed hydra
 12920 | D:11     | Reached skill level 5 in Dodging
 13028 | D:11     | Noticed a two-headed ogre
 13036 | D:11     | Killed a two-headed ogre
 13096 | D:11     | Identified the +7 flail of Death's Door {drain, rF+ rC+
                  | Dex-3}
 13264 | D:11     | Reached skill level 5 in Shields
 13381 | D:11     | Found a bloodstained altar of Trog.
 13430 | D:11     | Reached **** piety under Ashenzari
 13806 | D:12     | Noticed a two-headed ogre
 13813 | D:12     | Killed a two-headed ogre
 13814 | D:12     | Reached skill level 1 in Armour
 13820 | D:12     | Noticed an eight-headed hydra
 13825 | D:12     | Killed an eight-headed hydra
 13847 | D:12     | Found a gate leading to a gauntlet.
 13855 | Gauntlet | Entered a Gauntlet
 13855 | Gauntlet | Noticed a dire elephant
 13855 | Gauntlet | Identified the +0 pair of gloves of the Harp {+Inv Str+7
                  | SInv Stlth-}
 13855 | Gauntlet | Found a transporter.
 13855 | Gauntlet | Found a transporter.
 13864 | Gauntlet | Found a transporter.
 13878 | Gauntlet | Found a transporter.
 13889 | Gauntlet | Found a transporter.
 13901 | Gauntlet | Found a transporter.
 13914 | Gauntlet | Found a transporter.
 13920 | Gauntlet | Found a transporter.
 13934 | Gauntlet | Found a transporter.
 13938 | Gauntlet | Identified the +1 pair of boots of the Devouring Gods
                  | {Int+2}
 13951 | Gauntlet | Found a transporter.
 13955 | Gauntlet | Found a transporter.
 13955 | Gauntlet | Identified the +2 pair of gloves of Tartarus {rC+ Regen+
                  | Str+2}
 13995 | Gauntlet | Found a transporter.
 14061 | Gauntlet | Reached XP level 13. HP: 104/106 MP: 0/0
 14061 | Gauntlet | Learned a level 5 spell: Summon Mana Viper
 14074 | Gauntlet | HP: 1/106 [dire elephant (27)]
 14077 | Gauntlet | Killed a dire elephant
 14453 | Gauntlet | Identified the +4 scale mail of the Lion {rF+ MP-9 Str+4
                  | Dex+4}
 14453 | Gauntlet | Identified the ring of the Zealous God {rPois Int+6}
 14453 | Gauntlet | Noticed a minotaur
 14456 | Gauntlet | HP: 2/103 [minotaur/silver javelin (7)]
 14464 | Gauntlet | Killed a minotaur
 14465 | Gauntlet | Reached skill level 5 in Armour
 14727 | Lair:1   | Entered Level 1 of the Lair of Beasts
 14753 | Lair:1   | Reached skill level 13 in Spellcasting
 15949 | Lair:2   | Found a staircase to the Shoals.
 16005 | Lair:2   | Noticed a seven-headed hydra
 16042 | Lair:2   | Noticed Sonja
 16045 | Lair:2   | Killed Sonja
 16068 | Lair:2   | Killed a seven-headed hydra
 16597 | Lair:3   | Reached skill level 14 in Spellcasting
 16770 | Lair:3   | Reached XP level 14. HP: 110/110 MP: 0/0
 16971 | Lair:3   | Found a staircase to the Snake Pit.
 16988 | Lair:3   | Noticed Nessos
 16998 | Lair:3   | Killed Nessos
 17529 | Lair:4   | Reached skill level 15 in Spellcasting
 18327 | Lair:5   | Entered Level 5 of the Lair of Beasts
 18755 | Lair:5   | Reached XP level 15. HP: 115/115 MP: 0/0
 18755 | Lair:5   | Learned a level 6 spell: Dispersal
 19028 | Lair:5   | Reached skill level 16 in Spellcasting
 19576 | Lair:5   | Found a staircase to the Slime Pits.
 19576 | Lair:5   | Found a viscous altar of Jiyva.
 19858 | Lair:5   | Reached skill level 10 in Shields
 20272 | Orc:1    | Entered Level 1 of the Orcish Mines
 20436 | Orc:1    | Found a transporter.
 20437 | Orc:1    | Noticed a tentacled starspawn
 20442 | Orc:1    | Found a one-way gate to the infinite horrors of the Abyss.
 20442 | Orc:1    | Noticed DildoBatman's ghost (journeyman FoCj)
 20523 | Orc:1    | Identified the +0 leather armour of the Northern Lights
                  | {Contam rElec Regen+}
 20528 | Orc:1    | Noticed Maurice
 20545 | Orc:1    | Noticed an orc warlord
 20547 | Orc:1    | Found a transporter.
 20552 | Orc:1    | Killed Maurice
 21028 | Orc:2    | Entered Level 2 of the Orcish Mines
 21118 | Orc:2    | Found a staircase to the Elven Halls.
 21724 | Orc:2    | Found Lepibug's Antique Armour Boutique.
 21724 | Orc:2    | Found Qugimil's Weapon Emporium.
 21724 | Orc:2    | Found Tuykhlext's Distillery.
 21727 | Orc:2    | Found Foekiuxona's Armour Shop.
 21741 | Orc:2    | Bought an embroidered scarf for 216 gold pieces
 21741 | Orc:2    | Bought a runed scarf for 216 gold pieces
 22576 | D:12     | Found Kuigonit's Weapon Shoppe.
 22852 | D:13     | Reached XP level 16. HP: 124/124 MP: 0/0
 23606 | D:14     | Acquired a manual of Spellcasting
 23687 | D:14     | Paralysed by a floating eye for 4 turns
 23778 | D:14     | Reached skill level 17 in Spellcasting
 23916 | D:14     | Found a gate to the Vaults.
 23977 | D:14     | Identified the +5 dagger of Esezirr {holy, rN+++}
 24276 | D:14     | Identified the +4 long sword of Disorder {venom, rCorr
                  | Str+4 Int+2 SInv}
 24398 | D:15     | Entered Level 15 of the Dungeon
 24435 | D:15     | Identified Roxanne's Incunabulum of Shaping
 24435 | D:15     | Noticed Roxanne
 24462 | D:15     | Killed Roxanne
 24659 | D:15     | Noticed Kirke
 24660 | D:15     | Reached skill level 18 in Spellcasting
 24666 | D:15     | Killed Kirke
 24672 | D:15     | Found a staircase to the Depths.
 25474 | Snake:1  | Entered Level 1 of the Snake Pit
 25849 | Snake:1  | Reached XP level 17. HP: 131/131 MP: 0/0
 25849 | Snake:1  | Learned a level 6 spell: Death Channel
 26232 | Snake:1  | Reached skill level 19 in Spellcasting
 26379 | Snake:1  | Found Cyedd's Tremendous Tomes.
 26577 | Snake:2  | Found Amyef's Distillery.
 26592 | Snake:2  | Found Fufoaf's Magic Scroll Shoppe.
 26593 | Snake:2  | Found Icvifac's Book Emporium.
 26728 | Snake:2  | Noticed Asterion
 26737 | Snake:2  | Killed Asterion
 26749 | Snake:2  | Found Aceleunt's CLEARANCE SALE!.
 28076 | Snake:4  | Entered Level 4 of the Snake Pit
 28078 | Snake:4  | Noticed Aizul
 28089 | Snake:4  | Killed Aizul
 28090 | Snake:4  | Reached XP level 18. HP: 130/138 MP: 0/0
 28126 | Snake:4  | Reached skill level 10 in Armour
 28178 | Snake:4  | Reached skill level 15 in Shields
 28417 | Snake:4  | Got a serpentine rune of Zot
 28606 | Snake:4  | Noticed Vashnia
 29335 | Shoals:1 | Entered Level 1 of the Shoals
 29605 | Shoals:1 | Reached XP level 19. HP: 107/143 MP: 0/0
 29605 | Shoals:1 | Learned a level 7 spell: Orb of Destruction
 30834 | Shoals:2 | Reached ***** piety under Ashenzari
 31043 | Shoals:3 | Noticed Ilsuiw
 31048 | Shoals:3 | Killed Ilsuiw
 31050 | Shoals:3 | Reached skill level 1 in Evocations
 31171 | Shoals:3 | Acquired 643 gold pieces
 31922 | Shoals:4 | Entered Level 4 of the Shoals
 32032 | Shoals:4 | Reached skill level 10 in Dodging
 32071 | Shoals:4 | Noticed Mara
 32183 | Shoals:4 | Identified the Vademecum on Nocuous Terrain
 32224 | Shoals:4 | Noticed Donald
 32230 | Shoals:4 | Killed Donald
 32378 | Shoals:4 | Got a barnacled rune of Zot
 32584 | Shoals:4 | Identified the ring "Lubled" {rPois rN+ rCorr}
 32601 | Shoals:4 | Noticed MacCMillion's illusion
 32609 | Shoals:4 | Blown up by MacCMillion's illusion (illusionary)

Illustrated notes

Levels and vault maps discovered:
D:1:      erik_arrival_blinker_ship, layout_basic, serial_shops,
          nicolae_square_shop, ebering_ecumenical_altar_hall
D:2:      layout_loops_corners, corner_web_ring, uniq_jessica
D:3:      layout_basic, mainiacjoe_overflow_chevrons, uniq_robin
D:4:      layout_cave_pools, lemuel_doored_altar, uniq_eustachio
D:5:      layout_basic, nicolae_yredelemnul_ghost_church, serial_shops,
          nicolae_stop_n_shop_2, kennysheep_cross_room
D:6:      layout_basic, nicolae_overflow_hallway_of_the_gods, serial_undead,
          serial_undead_a, serial_undead_a, serial_undead_c, serial_undead_b,
          serial_undead_a, grunt_decor_cap
D:7:      layout_loops_ring, lemuel_temple_firewalk_b, serial_glass,
          glass_columns_a, glass_columns_b
D:8:      cheibrodos_shockbox, layout_loops_cross,
          lemuel_coloured_pillars_altar, nicolae_elyvilon_temple_path,
          gammafunk_ghost_split, minmay_hollow_rounded_squares
D:9:      layout_rooms, mainiacjoe_overflow_alcove_1, lair_entry_dummy,
          enter_bailey_6, gammafunk_ghost_ooze
D:10:     layout_stronghold, kennysheep_mini, david_orc_5, jiyva_altar_1
D:11:     layout_irregular_city, portal_ice_cave_entry_imps,
          trog_ov_bears_minmay, uniq_urug
D:12:     layout_basic, serial_shops, kennysheep_little_box,
          gauntlet_entry_generic
D:13:     layout_basic, moated_statue, lemuel_flamethrower_hall
D:14:     layout_rooms, grunt_vaults_entry_tiered,
          minmay_staircase_statues_hall_small
D:15:     gammafunk_depths_entry_grave, layout_gridville, small_statue_alley_a,
          uniq_kirke, uniq_roxanne
Temple:   corrupted_temple
Lair:1:   layout_cave_pods, infiniplex_staircase_pool_2, grunt_megastairs_4,
          lemuel_fruit_tree, lemuel_fruit_fields
Lair:2:   layout_roguey, minmay_shoals_entry_beasts, uniq_sonja
Lair:3:   layout_gridlike, minmay_snake_entry_guardpost_small, uniq_nessos
Lair:4:   layout_cellular_growth, nicolae_lair_grazing_beasts
          [nicolae_sub_lair_graze_edge, nicolae_sub_lair_graze_edge,
          nicolae_sub_lair_graze_edge, nicolae_sub_lair_graze_edge]
Lair:5:   guppyfry_lair_end_dragon, layout_cave_pods,
          hangedman_lair_tendril_chambers, slime_entry_1, ice2_lemuel
Shoals:1: layout_shoals
Shoals:2: layout_shoals, st_cyclops
Shoals:3: layout_shoals, uniq_ilsuiw
Shoals:4: shoals_end_grunt_garden, layout_shoals, uniq_donald, uniq_mara
Snake:1:  layout_honeycomb, nicolae_shop_i_like_big_books
Snake:2:  layout_cave_town, nicolae_shop_clearance, minmay_shop_star,
          serial_bayou_shore_a, uniq_asterion
Snake:3:  nicolae_snake_shooting_gallery, layout_onion_interference
Snake:4:  minmay_snake_end_coiled, layout_cave_town, uniq_aizul, uniq_vashnia
Orc:1:    layout_caves, gammafunk_ghost_abyssal_escape, uniq_maurice
Orc:2:    st_orc_rangers, layout_diamond_mine

Skill      XL: |  1  2  3  4  5  6  7  8  9 10 11 12 13 14 15 16 17 18 19 |
---------------+----------------------------------------------------------+-----
Stealth        | 2 |  2.0
Spellcasting   | 4 5 6 7 8 9 10 11 12 14 15 16 18 19 | 19.1
Fighting       | 2 6 8 10 | 10.4
Shields        | 2 5 7 11 12 14 16 | 16.4
Dodging        | 3 6 7 11 | 11.1
Armour         | 3 5 9 12 14 | 14.3
Evocations     | 3 |  3.0

Action                   |  1- 3 |  4- 6 |  7- 9 | 10-12 | 13-15 | 16-18 | 19-21 || total
-------------------------+-------+-------+-------+-------+-------+-------+-------++-------
Melee: Dagger            |       |     1 |    17 |     2 |       |       |       ||    20
       Staff             |       |       |       |     1 |     1 |    12 |     5 ||    19
 Cast: Magic Dart        |    52 |    88 |   120 |   202 |   176 |   170 |    14 ||   822
       Searing Ray       |     2 |     5 |    15 |     3 |     1 |       |       ||    26
       Fulminant Prism   |       |     4 |    30 |   103 |   237 |   258 |   120 ||   752
       Iskenderun's Myst |       |       |     7 |    17 |    31 |    54 |     5 ||   114
       Call Canine Famil |       |       |     2 |     5 |       |     1 |       ||     8
       Summon Mana Viper |       |       |       |       |     1 |     9 |       ||    10
       Leda's Liquefacti |       |       |       |       |       |     3 |       ||     3
       Death Channel     |       |       |       |       |       |    13 |     6 ||    19
       Dispersal         |       |       |       |       |       |     1 |       ||     1
       Gell's Gravitas   |       |       |       |       |       |     4 |       ||     4
       Orb of Destructio |       |       |       |       |       |       |    88 ||    88
Invok: Curse Item        |       |       |       |     6 |     1 |     1 |     2 ||    10
       Shatter the Chain |       |       |       |     1 |     2 |       |       ||     3
  Use: Scroll            |       |       |     1 |    15 |     1 |     2 |     1 ||    20
       Potion            |       |       |       |       |     1 |       |       ||     1
 Stab: Sleeping          |       |     1 |       |       |       |       |       ||     1
Armor: Robe              |     1 |     3 |    20 |    14 |       |       |       ||    38
       Troll leather arm |       |       |       |     1 |     6 |       |       ||     7
       Chain mail        |       |       |       |       |    12 |    48 |    18 ||    78
Dodge: Dodged            |     1 |    11 |    35 |    25 |    20 |    24 |    10 ||   126
Block: Kite shield       |       |       |       |       |    24 |    83 |    40 ||   147
